 Dungeon Crawl Stone Soup version 0.31.0-11-ge490571c62 (webtiles) character file.

Game seed: 1983083510411742879

67646 puppykicker the Executioner (level 15, -10/139 HPs)
             Began as a Hill Orc Berserker on Feb 1, 2024.
             Was the Champion of Trog.
             Collided with a rock wall (12 damage)
             ... after being knocked back by a rakshasa
             ... on level 3 of the Abyss.
             The game lasted 00:42:08 (17422 turns).

puppykicker the Executioner (Hill Orc Berserker)   Turns: 17422, Time: 00:42:08

Health: -10/139    AC:  9    Str: 29 (32) XL:     15   Next: 23%
Magic:  15/15      EV: 10    Int:  8      God:    Trog [******]
Gold:   1422       SH:  0    Dex: 13 (16) Spells: 14/14 levels left

rFire   x . .        a - +9 battleaxe of the Fox {vamp, *Rage rN+ Str+4 Dex+3}
rCold   + + +        (shield currently unavailable)
rNeg    + . .        E - +1 chain mail {rC+} {rC+}
rPois   +            C - +2 helmet {Int+3} {Int+3}
rElec   .            j - scarf of Compassion {repulsion, Rampage Fly rPois rC+}
rCorr   .            W - +1 pair of gloves "Zuiluem" {Dex+3 Slay+3}
SInv    .            O - +0 pair of boots
Will    +++..        s - amulet of faith {Faith, !P} Stlth
                     J - ring of ice {rC+, rF-}
HPRegen 1.43/turn    P - ring of poison resistance
MPRegen 0.14/turn

%: random rage (20%), repel missiles, rampage, faith
@: strong-willed, corroded, on berserk cooldown, flying, regenerating, slowed,
very slow
A: dopey 1
a: Renounce Religion, Berserk, Trog's Hand, Brothers in Arms


You were on level 3 of the Abyss.
You worshipped Trog.
Trog was exalted by your worship.
You visited 1 branch of the dungeon, and saw 15 of its levels.
You visited the Abyss 1 time.
You also visited: Sewer, Bailey and Ice Cave.

You collected 1646 gold pieces.
You spent 224 gold pieces at shops.

Inventory:

Hand Weapons
 a - the +9 battleaxe of the Fox (weapon) {vamp, *Rage rN+ Str+4 Dex+3}
   (You found it in a bailey)

   Str+4:     It affects your strength (+4).
   Dex+3:     It affects your dexterity (+3).
   rN+:       It protects you from negative energy.
   *Rage:     It berserks you when you make melee attacks (+20% chance).
 b - a +4 battleaxe
 h - a +2 war axe of flaming
 w - a +7 antimagic broad axe
 T - a +1 arbalest of freezing
 U - a +2 broad axe
Missiles
 d - 5 darts of dispersal
 i - 12 curare-tipped darts
 r - 75 poisoned darts (quivered)
 y - 10 javelins
 H - 4 datura-tipped darts
 M - 15 boomerangs
 Q - 4 atropa-tipped darts
Armour
 j - the scarf of Compassion (worn) {repulsion, Rampage Fly rPois rC+}
   (You acquired it on level 5 of the Dungeon)

   rC+:       It protects you from cold.
   rPois:     It protects you from poison Fly: It grants you flight.
   Rampage:   It bestows one free step when moving towards enemies.
 q - a +0 buckler
 C - a +2 helmet of intelligence (worn) {Int+3}
 E - a +1 chain mail of cold resistance (worn) {rC+}
 O - a +0 pair of boots (worn)
 R - a +2 kite shield of cold resistance {rC+}
 W - the +1 pair of gloves "Zuiluem" (worn) {Dex+3 Slay+3}
   (You acquired it on level 14 of the Dungeon)

   Dex+3:     It affects your dexterity (+3).
   Slay+3:    It affects your accuracy & damage with ranged weapons and melee
   (+3).
Jewellery
 s - an amulet of faith (around neck) {Faith, !P}
 v - an amulet of reflection
 F - a ring of protection from fire
 J - a ring of ice (left hand) {rC+, rF-}
 P - a ring of poison resistance (right hand)
Wands
 k - a wand of charming (25)
 D - a wand of digging (3)
 L - a wand of acid (14)
 S - a wand of iceblast (6)
 V - a wand of flame (4)
Scrolls
 t - 3 scrolls of teleportation
 z - 3 scrolls of silence
 B - a scroll of blinking {!r}
 K - a scroll of revelation
Potions
 c - 2 potions of mutation {unknown}
 e - 5 potions of lignification {!q}
 f - 6 potions of haste
 g - 4 potions of heal wounds {unknown}
 l - 2 potions of magic {unknown}
 n - 5 potions of curing
 o - a potion of ambrosia {unknown}
 p - a potion of enlightenment {unknown}
 u - 3 potions of attraction {unknown}
 x - a potion of experience {unknown}
 A - 2 potions of might
 G - a potion of invisibility {unknown}
 I - 2 potions of resistance {unknown}
 N - 2 potions of brilliance {unknown}


   Skills:
 - Level 14.5 Fighting
 - Level 21.3 Axes
 - Level 13.1 Armour
 - Level 3.1 Dodging
 + Level 4.6 Stealth
 - Level 7.4 Shields
 - Level 8.8 Evocations


You had 14 spell levels left.
You didn't know any spells.
Your spell library was empty.

Dungeon Overview and Level Annotations

Branches:
Dungeon (15/15)            Temple (0/1) D:5            Lair (0/5) D:9
    Orc (0/2) D:9          Vaults (0/5) D:13          Sewer (visited)
 Bailey (visited)           IceCv (visited)
 Depths: D:15

Altars:
Ashenzari
Dithmenos
Fedhas
Gozag
Sif Muna

Shops:
D:6 [   D:7 (


Innate Abilities, Weirdness & Mutations

You are dopey. (Int -2)


Message History

You hit the rust devil.
The rust devil is severely wounded.
You hit the rust devil.
The yak changes into a black mamba!
The rust devil hits you.
* * * LOW HITPOINT WARNING * * *
The rust devil corrodes you! The rust devil misses you.
You take 1 damage, and have 51/139 hp.
You hit the rust devil.
You kill the rust devil!
The rust devil shimmers and vanishes!
You barely miss the rust devil. The rust devil hits you.
The rust devil corrodes you!
You closely miss the rust devil.
The rust devil is severely wounded.
The rust devil hits you. The rust devil corrodes you!
You hit the rust devil but do no damage.
The rust devil is severely wounded.
The rust devil barely misses you. The black mamba bites you.
* * * LOW HITPOINT WARNING * * *
You take 4 damage, and have 48/139 hp.
Your skin crawls.
You feel strong-willed. The black mamba barely misses you.
The rust devil hits you.
* * * LOW HITPOINT WARNING * * *
The rust devil corrodes you! The rakshasa hits you with a +0 whip!
* * * LOW HITPOINT WARNING * * *
The black mamba bites you but does no damage.
The rust devil barely misses you. The rakshasa hits you with a +0 whip!
* * * LOW HITPOINT WARNING * * *
You take 18 damage, and have 30/139 hp.
Unknown command.
Your cyclops goes berserk!
The black mamba barely misses you. The black mamba bites you.
* * * LOW HITPOINT WARNING * * *
The rust devil misses you. The rakshasa gestures at you.
The lance of force hits you!!
* * * LOW HITPOINT WARNING * * *
You are knocked back by the lance of force.
You slam into the rock wall!
You die...

# # . #. . #
#.##. #. # .# .
. . .. ## ## #
..#. # ##. . .
..#. ###. # #.#
###.#C### .
.##h##.#..#@.#
. #.
#.#...S.#.# .
.. #.#.#..R4.#
#.
#..#.#.#.#..#.#
.
###.#.#.##.#.##
.# .........#
.#.....##.#....
.. #.###..#
#....#. ..
.#...####..#...


You could see a rakshasa (ally target), a rust devil, a black mamba shaped
shifter and a friendly cyclops (summoned, berserk).

Levels and vault maps discovered:
D:1:      wander_arrival_peaceful_grave, layout_basic, serial_shops,
          nicolae_shop_tiny_waterfront
D:2:      layout_basic, minmay_strange_pillars, kennysheep_generic_room_9,
          uniq_jessica
D:3:      layout_basic, st_stairs_1, chequers_serial_rivers_micro_b
D:4:      layout_basic, uniq_edmund, uniq_natasha, uniq_robin
D:5:      layout_rooms, minmay_temple_entry_purple_smoke, gup_sewer_entry_bowl
D:6:      layout_gridville, lemuel_blue_sif_altar, marbit_many_paths,
          serial_shops, nicolae_shop_tiny_glass
D:7:      layout_basic, enter_bailey_3, serial_shops, shop
D:8:      layout_cave_pools, grunt_gozag_statues
D:9:      layout_cave_pools, hellmonk_lair_entry_icy, erik_orc_3,
          dilly_guarded_unrand_throatcut
D:10:     minmay_twisted_water, layout_stronghold,
          gammafunk_temple_overflow_elements
D:11:     layout_rooms
D:12:     minmay_inside_and_out, layout_cave_pools, gammafunk_ghost_necromancy
D:13:     layout_basic, david_vaults_3, serial_ice, serial_ice_b, serial_ice_g,
          serial_ice_a, serial_ice_n, serial_ice_h, serial_ice_e,
          portal_ice_cave_entry_pillars_2, uniq_sonja
D:14:     layout_layer_cave, minmay_misc_feat_chi
D:15:     hangedman_depths_entry_civil_slaughter, layout_cross,
          hangedman_decor_peaks_small, nicolae_guarded_unrand_storm_shield,
          uniq_roxanne
Abyss:3:  base: D:10, evilmike_abyss_rune_siren_acolytes, evilmike_abyss_exit_4

Notes
Turn   | Place    | Note
-------+----------+-------------------------------------------
     0 | D:1      | puppykicker the Hill Orc Berserker began the quest for the
                  | Orb.
     0 | D:1      | Reached XP level 1. HP: 19/19 MP: 1/1
    51 | D:1      | Identified a +0 leather armour
   114 | D:1      | Found Pugutoso's Weapon Shop.
   221 | D:1      | Identified a +0 club
   327 | D:1      | Identified a +0 short sword
   351 | D:1      | Identified a +0 short sword
   372 | D:1      | Identified a +0 club
   578 | D:1      | Identified a +0 short sword
   797 | D:1      | Identified a +0 club
   802 | D:1      | Reached XP level 2. HP: 27/27 MP: 2/2
   856 | D:2      | Identified a +0 club
   888 | D:2      | Identified a +0 short sword
   888 | D:2      | Identified a +0 club
   888 | D:2      | Identified a +0 robe
   888 | D:2      | Noticed Jessica
   892 | D:2      | Killed Jessica
   893 | D:2      | Reached skill level 4 in Fighting
   893 | D:2      | Reached skill level 5 in Axes
   893 | D:2      | Reached XP level 3. HP: 33/33 MP: 3/3
   903 | D:2      | Identified a +0 scale mail
   927 | D:2      | Identified a +0 dagger
  1074 | D:2      | Reached skill level 3 in Armour
  1074 | D:2      | Reached XP level 4. HP: 38/40 MP: 4/4
  1125 | D:2      | Identified a +0 dagger
  1198 | D:2      | Identified the +6 dagger "Hill Orc's Doom" {vamp, rPois rF+
                  | rC++ rCorr}
  1285 | D:2      | Identified a +0 dagger
  1554 | D:3      | Identified a +0 buckler
  1634 | D:3      | Identified a +0 club
  1644 | D:3      | Identified a +0 whip
  1757 | D:3      | Identified a +0 mace
  1783 | D:3      | Reached XP level 5. HP: 28/47 MP: 5/5
  1870 | D:3      | Identified a +0 dagger
  1879 | D:3      | Reached ** piety under Trog
  1962 | D:3      | Identified a +0 whip
  1970 | D:3      | Reached skill level 1 in Shields
  2044 | D:3      | Identified a +4 dagger of venom
  2047 | D:3      | Identified a ring of protection from fire
  2053 | D:3      | Identified a +0 club
  2055 | D:3      | Reached skill level 6 in Axes
  2229 | D:3      | Identified a +0 club
  2757 | D:4      | Identified a +0 mace
  2757 | D:4      | Identified a +0 short sword
  2757 | D:4      | Identified a +0 short sword
  2757 | D:4      | Identified a +0 flail
  2758 | D:4      | Identified a +0 dagger
  2758 | D:4      | Identified a +0 robe
  2947 | D:4      | Identified an amulet of faith
  2980 | D:4      | Reached XP level 6. HP: 55/55 MP: 6/6
  2990 | D:4      | Identified a +0 whip
  3008 | D:4      | Identified a +4 whip of electrocution
  3008 | D:4      | Identified a +2 animal skin
  3008 | D:4      | Identified a +2 helmet of intelligence
  3008 | D:4      | Noticed Robin
  3008 | D:4      | Identified a +0 club
  3008 | D:4      | Identified a +0 club
  3008 | D:4      | Identified a +0 club
  3023 | D:4      | Killed Robin
  3025 | D:4      | Identified a +0 club
  3026 | D:4      | Reached skill level 5 in Fighting
  3026 | D:4      | Reached skill level 2 in Shields
  3091 | D:4      | Identified a +0 plate armour
  3267 | D:4      | Reached skill level 7 in Axes
  3277 | D:4      | Identified a +0 flail
  3277 | D:4      | Identified a +0 chain mail
  3290 | D:4      | Identified a +0 dagger
  3328 | D:4      | Identified a +0 dagger
  3328 | D:4      | Identified a +0 robe
  3344 | D:4      | Reached skill level 4 in Armour
  3415 | D:4      | Identified a +0 ring mail
  3441 | D:4      | Reached *** piety under Trog
  3447 | D:4      | Identified a +0 dagger
  3479 | D:4      | Identified a +0 giant club
  3492 | D:4      | HP: 10/56 [ogre/+0 giant club (26)]
  3494 | D:4      | HP: 3/84 [ogre/+0 giant club (12)]
  3496 | D:4      | Reached XP level 7. HP: 4/61 MP: 7/7
  3840 | D:4      | Identified a +0 dagger
  3840 | D:4      | Identified a +0 hand axe
  3840 | D:4      | Identified a +0 chain mail
  3840 | D:4      | Identified a +0 club
  3840 | D:4      | Identified a +0 chain mail
  3840 | D:4      | Identified a +0 short sword
  3840 | D:4      | Identified a +0 ring mail
  3847 | D:4      | Identified a +0 dagger
  3847 | D:4      | Identified a +0 robe
  3919 | D:4      | Identified an amulet of reflection
  4095 | D:4      | Identified a +0 dagger
  4097 | D:4      | Identified a +0 hand axe
  4100 | D:4      | Identified a +2 dire flail of protection
  4100 | D:4      | Identified a +2 leather armour of willpower
  4100 | D:4      | Noticed Edmund
  4123 | D:4      | Killed Edmund
  4124 | D:4      | Reached skill level 8 in Axes
  4124 | D:4      | Reached skill level 3 in Shields
  4190 | D:4      | Noticed Natasha
  4195 | D:4      | Identified a +2 spear
  4196 | D:4      | Identified a +1 spear
  4199 | D:4      | Killed Natasha
  4205 | D:4      | Noticed Natasha
  4207 | D:4      | Identified a +0 spear
  4210 | D:4      | Identified a +0 spear
  4214 | D:4      | Identified a +2 spear
  4223 | D:4      | Killed Natasha
  4261 | D:4      | Identified an orb of mayhem
  4710 | D:4      | Noticed Natasha
  4714 | D:4      | Identified a +2 spear
  4720 | D:4      | Killed Natasha
  4726 | D:5      | Entered Level 5 of the Dungeon
  4727 | D:5      | Identified 4 scrolls of identify
  4727 | D:5      | Identified a scroll of immolation
  4728 | D:5      | Identified a scroll of enchant weapon
  4729 | D:5      | Identified a scroll of acquirement
  4730 | D:5      | Identified 2 scrolls of amnesia
  4731 | D:5      | Acquired the scarf of Compassion {repulsion, Rampage Fly
                  | rPois rC+}
  4778 | D:5      | Reached skill level 6 in Fighting
  4778 | D:5      | Reached XP level 8. HP: 54/70 MP: 8/8
  4853 | D:5      | Found a glowing drain.
  4857 | Sewer    | Entered a sewer
  4873 | Sewer    | Identified a +1 short sword of speed
  4873 | Sewer    | Identified a +0 dagger
  4912 | Sewer    | Identified a +0 short sword
  4912 | Sewer    | Identified a +0 short sword
  4923 | Sewer    | Identified a +0 club
  4923 | Sewer    | Identified a +0 short sword
  4925 | Sewer    | Identified a +0 dagger
  4925 | Sewer    | Identified a +0 short sword
  4925 | Sewer    | Identified a +0 short sword
  4926 | Sewer    | Identified a +0 short sword
  4935 | Sewer    | Reached skill level 5 in Armour
  4940 | Sewer    | Identified a +0 whip
  4942 | Sewer    | Identified a +2 short sword of venom
  4944 | Sewer    | Identified a +0 dagger
  4945 | Sewer    | Found an ancient bone altar of Kikubaaqudgha.
  4945 | Sewer    | Identified a +0 short sword
  4945 | Sewer    | Identified a +0 short sword
  4945 | Sewer    | Identified a +0 dagger
  4950 | Sewer    | Reached **** piety under Trog
  4974 | Sewer    | Reached skill level 9 in Axes
  4980 | Sewer    | Reached skill level 4 in Shields
  5124 | Sewer    | Identified 3 potions of lignification
  5219 | Sewer    | Identified a +0 pair of boots
  5272 | D:5      | Found a staircase to the Ecumenical Temple.
  5272 | D:5      | Identified a +0 whip
  5272 | D:5      | Identified a +0 leather armour
  5272 | D:5      | Identified a +0 halberd
  5272 | D:5      | Identified a +0 whip
  5272 | D:5      | Identified a +0 spear
  5272 | D:5      | Identified a +0 club
  5272 | D:5      | Identified a +0 spear
  5429 | D:5      | Identified a +0 helmet
  5497 | D:5      | Identified a ring of poison resistance
  5522 | D:5      | Noticed a yak
  5522 | D:5      | Noticed a yak
  5522 | D:5      | Noticed a yak
  5524 | D:5      | Identified a +0 ring mail
  5529 | D:5      | Killed a yak
  5530 | D:5      | Reached skill level 10 in Axes
  5533 | D:5      | Killed a yak
  5534 | D:5      | Reached skill level 7 in Fighting
  5534 | D:5      | Reached XP level 9. HP: 79/79 MP: 9/9
  5542 | D:5      | Reached skill level 6 in Armour
  5542 | D:5      | Reached skill level 5 in Shields
  5606 | D:5      | Identified a +0 giant spiked club
  5608 | D:5      | Identified a +0 hand axe
  5869 | D:5      | Identified a +0 dagger
  5869 | D:5      | Identified a +0 ring mail
  5880 | D:5      | Identified a +0 dagger
  5880 | D:5      | Identified a +0 robe
  5881 | D:5      | Identified a +0 hand axe of electrocution
  5881 | D:5      | Identified a +0 chain mail
  5901 | D:5      | Identified a +0 dagger
  6046 | D:5      | Identified a +0 trident
  6085 | D:5      | Identified a +0 mace
  6166 | D:6      | Identified a +0 short sword
  6217 | D:6      | Identified a +0 giant spiked club
  6220 | D:6      | Identified a +2 scale mail of cold resistance
  6259 | D:6      | Reached skill level 11 in Axes
  6320 | D:6      | Identified a +0 club
  6383 | D:6      | Identified a scroll of silence
  6511 | D:6      | Found Vuamiose's Antique Armour Boutique.
  6564 | D:6      | Reached ***** piety under Trog
  6639 | D:6      | Identified a +0 whip
  6856 | D:6      | Bought a glowing chain mail for 180 gold pieces
  6856 | D:6      | Identified a +1 chain mail of cold resistance (You bought
                  | it in a shop on level 6 of the Dungeon)
  6988 | D:6      | Identified a scroll of noise
  7075 | D:6      | Found a blossoming altar of Fedhas.
  7174 | D:6      | Found a shimmering blue altar of Sif Muna.
  7231 | D:6      | Identified a +0 war axe
  7234 | D:6      | Identified 2 scrolls of vulnerability
  7270 | D:7      | Identified a +0 battleaxe
  7270 | D:7      | Identified a +0 robe
  7270 | D:7      | Identified a +7 long sword
  7270 | D:7      | Identified a +0 robe
  7270 | D:7      | Identified a +0 scimitar
  7270 | D:7      | Identified a +0 robe
  7270 | D:7      | Found Neloc's Weapon Boutique.
  7281 | D:7      | Reached skill level 8 in Fighting
  7281 | D:7      | Reached skill level 6 in Shields
  7285 | D:7      | Bought a +0 broad axe for 44 gold pieces
  7304 | D:7      | Identified a +0 orcbow
  7366 | D:7      | Reached skill level 7 in Armour
  7373 | D:7      | Reached skill level 12 in Axes
  7382 | D:7      | HP: 18/81 [killer bee (4)]
  7387 | D:7      | HP: 10/121 [poisoned by a killer bee]
  7390 | D:7      | Reached XP level 10. HP: 7/88 MP: 10/10
  7393 | D:7      | HP: 5/88 [poisoned by a killer bee]
  7750 | D:7      | Noticed a boulder beetle
  7787 | D:7      | Identified a +0 giant club
  7787 | D:7      | Identified a +0 dire flail
  7793 | D:7      | Killed a boulder beetle
  7797 | D:7      | Identified a +0 hand axe
  7797 | D:7      | Identified a +0 hand axe
  7797 | D:7      | Identified a +0 hand axe
  7798 | D:7      | Found a flagged portal.
  7798 | D:7      | Identified a +0 hand axe
  7858 | Bailey   | Entered a bailey
  7877 | Bailey   | Identified a +0 war axe
  7877 | Bailey   | Identified a +0 war axe
  7897 | Bailey   | Identified a +0 war axe
  7907 | Bailey   | Reached skill level 13 in Axes
  8121 | Bailey   | Identified a +0 war axe
  8121 | Bailey   | Identified a +0 chain mail
  8121 | Bailey   | Noticed an orc knight
  8123 | Bailey   | Identified a +0 giant club
  8123 | Bailey   | Identified a +0 giant spiked club
  8127 | Bailey   | Killed an orc knight
  8128 | Bailey   | Reached skill level 9 in Fighting
  8128 | Bailey   | Reached skill level 7 in Shields
  8132 | Bailey   | Identified a +0 war axe
  8132 | Bailey   | Identified a +0 war axe
  8132 | Bailey   | Identified a +0 war axe
  8132 | Bailey   | Identified a +0 ring mail
  8132 | Bailey   | Noticed an orc knight
  8133 | Bailey   | Identified a +0 war axe
  8133 | Bailey   | Identified a +0 war axe
  8133 | Bailey   | Identified a +0 scale mail
  8133 | Bailey   | Identified a +0 war axe
  8133 | Bailey   | Identified a +0 war axe
  8133 | Bailey   | Identified a +0 chain mail
  8133 | Bailey   | Identified a +0 battleaxe
  8133 | Bailey   | Identified a +0 chain mail
  8134 | Bailey   | Found a burning altar of Makhleb.
  8137 | Bailey   | Killed an orc knight
  8138 | Bailey   | Reached skill level 8 in Armour
  8162 | Bailey   | Identified the +9 battleaxe of the Fox {vamp, *Rage rN+
                  | Str+4 Dex+3}
  8787 | D:7      | Identified a ring of ice
  8994 | D:8      | Identified a +0 club
  8994 | D:8      | Identified a +0 club
  8995 | D:8      | Identified a +0 club
  8995 | D:8      | Identified a +0 leather armour
  8996 | D:8      | Identified a +0 dagger
  9000 | D:8      | Noticed a cyclops
  9001 | D:8      | Identified a +0 hand axe
  9006 | D:8      | Killed a cyclops
  9007 | D:8      | Reached skill level 14 in Axes
  9007 | D:8      | Reached XP level 11. HP: 95/99 MP: 11/11
  9058 | D:8      | Identified a +0 falchion
  9058 | D:8      | Identified a +0 robe
  9061 | D:8      | Identified a +5 halberd
  9061 | D:8      | Identified a +0 robe
  9067 | D:8      | Identified a +4 morningstar
  9067 | D:8      | Identified a +0 robe
  9068 | D:8      | Identified a +3 dire flail
  9068 | D:8      | Identified a +0 robe
  9145 | D:8      | Identified a +0 hand axe
  9145 | D:8      | Identified a +0 dagger
  9145 | D:8      | Identified a +0 robe
  9146 | D:8      | Identified a scroll of revelation
  9147 | D:8      | Identified a +0 dagger
  9147 | D:8      | Identified a +0 robe
  9147 | D:8      | Identified a +0 dagger
  9147 | D:8      | Identified a +0 robe
  9147 | D:8      | Identified a +0 falchion
  9147 | D:8      | Identified a +0 leather armour
  9147 | D:8      | Identified a +0 club
  9147 | D:8      | Identified a +0 ring mail
  9154 | D:8      | Identified a +0 club
  9156 | D:8      | Identified a +0 trident
  9158 | D:8      | Identified a +0 dagger
  9158 | D:8      | Identified a +0 dagger
  9158 | D:8      | Identified a +0 robe
  9159 | D:8      | Identified a +0 dagger
  9159 | D:8      | Identified a +0 robe
  9161 | D:8      | Identified a +0 short sword
  9205 | D:8      | Identified a scroll of teleportation
  9302 | D:8      | Found the +5 Force Lance {heavy, knockback}
  9304 | D:8      | Found an opulent altar of Gozag.
  9533 | D:9      | Identified a +0 halberd
  9533 | D:9      | Identified a +0 plate armour
  9537 | D:9      | Identified a +0 dagger
  9537 | D:9      | Identified a +0 robe
  9537 | D:9      | Identified a +0 dagger
  9537 | D:9      | Identified a +0 robe
  9549 | D:9      | Identified a +0 dagger
  9549 | D:9      | Identified a +0 robe
  9558 | D:9      | Identified a +1 hand axe of freezing
  9558 | D:9      | Identified a +0 ring mail
  9562 | D:9      | Identified a +0 hand axe
  9563 | D:9      | Identified a +0 hand axe
  9566 | D:9      | Reached skill level 10 in Fighting
  9581 | D:9      | Identified +0 steam dragon scales
  9584 | D:9      | Identified a +0 short sword
  9584 | D:9      | Identified a +0 ring mail
  9584 | D:9      | Identified a +2 heavy trident
  9584 | D:9      | Identified a +0 ring mail
  9600 | D:9      | Identified a +0 dagger
  9600 | D:9      | Identified a +0 robe
  9600 | D:9      | Identified a +0 dagger
  9600 | D:9      | Identified a +0 robe
  9601 | D:9      | Identified a +0 flail
  9602 | D:9      | Identified a +0 flail
  9610 | D:9      | Reached skill level 9 in Armour
  9613 | D:9      | Reached skill level 15 in Axes
  9643 | D:9      | Identified a +0 rapier
  9684 | D:9      | Identified a +0 mace
  9690 | D:9      | Identified a +0 trident
  9692 | D:9      | Identified a +1 flail of protection
  9692 | D:9      | Identified a +0 plate armour
  9692 | D:9      | Identified a +0 morningstar
  9693 | D:9      | Identified a +0 short sword
  9694 | D:9      | Identified a +0 whip
  9729 | D:9      | Identified a +0 short sword
  9731 | D:9      | Found a staircase to the Lair.
  9767 | D:9      | Identified a +0 glaive
  9767 | D:9      | Identified a +0 chain mail
  9772 | D:9      | Identified a +3 dagger (Trog gifted it to you on level 9 of
                  | the Dungeon)
  9772 | D:9      | Received a gift from Trog
  9816 | D:9      | Identified a +0 mace
  9816 | D:9      | Identified a +0 leather armour
  9822 | D:9      | Identified a +0 giant club
  9871 | D:9      | Identified a +0 club
  9871 | D:9      | Identified a +0 ring mail
  9873 | D:9      | Identified a +0 club
  9876 | D:9      | Found a staircase to the Orcish Mines.
 10037 | D:9      | Identified a +0 robe
 10088 | D:9      | Found the +7 Throatcutter {drain, coup de grace}
 10088 | D:9      | Identified a +0 whip
 10088 | D:9      | Identified a +0 short sword
 10088 | D:9      | Identified a +0 dagger
 10088 | D:9      | Identified a +0 robe
 10088 | D:9      | Identified a +0 dagger
 10088 | D:9      | Identified a +0 robe
 10088 | D:9      | Identified a +0 short sword
 10088 | D:9      | Identified a +0 dagger
 10088 | D:9      | Identified a +0 robe
 10088 | D:9      | Identified a +0 dagger
 10088 | D:9      | Identified a +0 robe
 10088 | D:9      | Identified a +0 club
 10091 | D:9      | Reached skill level 1 in Evocations
 10195 | D:9      | Identified a +1 leather armour of poison resistance
 10226 | D:9      | Identified a +0 club
 10226 | D:9      | Identified a +0 leather armour
 10236 | D:9      | Reached skill level 2 in Evocations
 10380 | D:10     | Entered Level 10 of the Dungeon
 10472 | D:10     | Identified a +0 cloak
 10627 | D:10     | Identified a +0 battleaxe
 10627 | D:10     | Identified a +0 plate armour
 10627 | D:10     | Identified a +0 short sword
 10627 | D:10     | Identified a +0 leather armour
 10627 | D:10     | Identified a +0 club
 10627 | D:10     | Identified a +0 dagger
 10627 | D:10     | Identified a +0 robe
 10627 | D:10     | Identified a +0 dagger
 10627 | D:10     | Identified a +0 robe
 10640 | D:10     | Reached skill level 16 in Axes
 10751 | D:10     | Reached skill level 11 in Fighting
 10764 | D:10     | Reached XP level 12. HP: 110/110 MP: 12/12
 10821 | D:10     | Reached skill level 3 in Evocations
 10943 | D:10     | Identified a +0 chain mail
 10951 | D:10     | Identified a +0 giant spiked club
 10951 | D:10     | Identified a +0 giant club
 10951 | D:10     | Noticed a two-headed ogre
 10956 | D:10     | Killed a two-headed ogre
 10957 | D:10     | Reached skill level 10 in Armour
 10957 | D:10     | Identified a +0 giant spiked club
 10957 | D:10     | Identified a +0 giant club
 10957 | D:10     | Noticed a two-headed ogre
 10965 | D:10     | Killed a two-headed ogre
 11080 | D:10     | Noticed an ice dragon
 11081 | D:10     | Found the +11 plutonium sword {^Contam Stlth-}
 11087 | D:10     | Killed an ice dragon
 11087 | D:10     | Identified +0 ice dragon scales
 11175 | D:10     | Identified a +1 battleaxe of freezing
 11175 | D:10     | Noticed a frost giant
 11177 | D:10     | Identified the +3 ring mail "Lonamnio" {rN+ Str+3 Dex+5}
 11182 | D:10     | Reached ****** piety under Trog
 11183 | D:10     | Reached skill level 4 in Evocations
 11185 | D:10     | Killed a frost giant
 11186 | D:10     | Reached skill level 17 in Axes
 11612 | D:10     | Found a broken altar of Ashenzari.
 11612 | D:10     | Found a shadowy altar of Dithmenos.
 11633 | D:11     | Identified a +0 orcbow
 11633 | D:11     | Noticed a centaur warrior
 11642 | D:11     | Killed a centaur warrior
 11721 | D:11     | Identified a +0 short sword
 11722 | D:11     | Identified a +0 short sword of flaming
 11722 | D:11     | Identified a +0 club
 11722 | D:11     | Identified a +0 dagger
 11722 | D:11     | Identified a +0 whip
 11722 | D:11     | Identified a +0 club
 11723 | D:11     | Identified a +0 dagger
 11723 | D:11     | Identified a +0 robe
 11723 | D:11     | Identified a +0 dagger
 11730 | D:11     | Noticed a sun demon
 11734 | D:11     | Identified a +3 heavy battleaxe (Trog gifted it to you on
                  | level 11 of the Dungeon)
 11734 | D:11     | Received a gift from Trog
 11776 | D:11     | Identified a scarf of shadows
 11781 | D:11     | Identified a +2 demon blade of venom
 11810 | D:11     | Identified an amulet of guardian spirit
 11837 | D:11     | Identified a +0 dagger
 11840 | D:11     | Identified a +0 short sword
 11842 | D:11     | Identified a +0 orcbow
 11842 | D:11     | Noticed a centaur warrior
 11842 | D:11     | Identified a +0 short sword
 11842 | D:11     | Identified a +0 short sword
 11842 | D:11     | Identified a +0 dagger
 11842 | D:11     | Identified a +0 club
 11844 | D:11     | Identified a +0 dagger
 11844 | D:11     | Identified a +1 short sword of holy wrath
 11847 | D:11     | Killed a centaur warrior
 11848 | D:11     | Identified +0 acid dragon scales
 11854 | D:11     | Identified a +0 giant club
 11854 | D:11     | Identified a +0 giant club
 11854 | D:11     | Noticed a two-headed ogre
 11860 | D:11     | Killed a two-headed ogre
 11861 | D:11     | Reached skill level 12 in Fighting
 11861 | D:11     | Reached skill level 5 in Evocations
 12156 | D:11     | Identified a +0 scale mail
 12254 | D:12     | Identified a +0 halberd
 12257 | D:12     | Identified a +4 battleaxe
 12257 | D:12     | Identified a +0 glaive
 12257 | D:12     | Identified a +2 heavy war axe
 12263 | D:12     | Identified a scroll of blinking
 12276 | D:12     | HP: 40/168 [skeletal warrior/+0 glaive (21)]
 12280 | D:12     | Reached skill level 18 in Axes
 12280 | D:12     | Reached skill level 11 in Armour
 12280 | D:12     | Reached XP level 13. HP: 42/118 MP: 13/13
 12281 | D:12     | Identified a +0 short sword
 12284 | D:12     | HP: 37/177 [skeletal warrior/+4 battleaxe (9)]
 12286 | D:12     | HP: 9/177 [skeletal warrior/+0 short sword (15)]
 12291 | D:12     | Identified a +0 long sword
 12291 | D:12     | Identified a +0 leather armour
 12295 | D:12     | Identified a +0 dagger
 12295 | D:12     | Identified a +0 robe
 12298 | D:12     | Gained mutation: You are dopey. (Int -2) [a neqoxec]
 12299 | D:12     | HP: 9/119 [neqoxec/psychic fangs[a kobold demonologist]
                  | (6)]
 12587 | D:12     | Identified a +0 rapier
 12587 | D:12     | Identified a +0 chain mail
 12619 | D:12     | Identified a +0 orcbow
 12626 | D:12     | HP: 38/178 [centaur warrior/arrow (20)]
 12630 | D:12     | Reached skill level 6 in Evocations
 12630 | D:12     | Noticed a fire dragon
 12644 | D:12     | Identified a +0 dagger
 12644 | D:12     | Identified a +0 robe
 12645 | D:12     | Identified a +0 hand axe
 12645 | D:12     | Identified a +0 club
 12645 | D:12     | Identified a +0 leather armour
 12655 | D:12     | Killed a fire dragon
 12655 | D:12     | Identified a +2 war axe of flaming (Trog gifted it to you
                  | on level 12 of the Dungeon)
 12655 | D:12     | Received a gift from Trog
 12656 | D:12     | HP: 28/119 [acid dragon/splash of acid (24)]
 12957 | D:12     | Identified a +0 war axe
 13055 | D:12     | Identified a +0 rapier of freezing
 13120 | D:12     | Found a runed translucent gate.
 13121 | D:12     | Found a runed translucent gate.
 13122 | D:12     | Found a runed translucent gate.
 13124 | D:12     | Noticed ezpacito's ghost (journeyman DsBe)
 13381 | D:12     | Reached skill level 19 in Axes
 13397 | D:12     | Killed ezpacito's ghost
 13398 | D:12     | Reached skill level 13 in Fighting
 13438 | D:12     | Identified a +0 pair of gloves
 13451 | D:12     | Identified 6 potions of haste
 13452 | D:12     | Identified 7 potions of curing
 13498 | D:13     | Identified a +5 great sword
 13498 | D:13     | Identified a +0 chain mail
 13498 | D:13     | Noticed Urug
 13499 | D:13     | Identified a +0 orcbow
 13499 | D:13     | Identified a +3 dagger of draining
 13499 | D:13     | Noticed Sonja
 13500 | D:13     | Found a gate to the Vaults.
 13500 | D:13     | Identified a +0 giant club
 13500 | D:13     | Identified a +0 giant club
 13500 | D:13     | Identified a +0 dagger
 13500 | D:13     | Identified a +0 leather armour
 13500 | D:13     | Identified a +0 leather armour
 13512 | D:13     | Killed Urug
 13516 | D:13     | Reached skill level 7 in Evocations
 13516 | D:13     | Identified a +0 rapier
 13522 | D:13     | Killed Sonja
 13524 | D:13     | Reached skill level 12 in Armour
 13527 | D:13     | Identified a +2 heavy battleaxe (Trog gifted it to you on
                  | level 13 of the Dungeon)
 13527 | D:13     | Received a gift from Trog
 13534 | D:13     | Identified a +0 giant club
 13534 | D:13     | Identified a +0 giant club
 13538 | D:13     | Reached XP level 14. HP: 129/129 MP: 14/14
 13831 | D:13     | Found a frozen archway.
 13848 | D:13     | Identified a +0 long sword
 13849 | D:13     | Identified a +0 whip
 13853 | D:13     | Identified a +0 trident
 13853 | D:13     | Identified a +0 chain mail
 13857 | D:13     | Identified a +0 dagger
 13857 | D:13     | Identified a +0 robe
 13860 | D:13     | Identified a +0 troll leather armour
 13880 | D:13     | Reached skill level 20 in Axes
 13910 | IceCv    | Entered an ice cave
 14166 | IceCv    | Identified a +2 kite shield of cold resistance
 14234 | IceCv    | Identified a +0 dagger
 14234 | IceCv    | Identified a +0 robe
 14268 | IceCv    | Identified a +1 arbalest of freezing
 14270 | IceCv    | Identified a +3 demon trident of freezing
 14338 | IceCv    | Found an ancient bone altar of Kikubaaqudgha.
 14346 | IceCv    | Reached skill level 8 in Evocations
 14354 | IceCv    | Identified a +7 antimagic broad axe (Trog gifted it to you
                  | in an ice cave)
 14354 | IceCv    | Received a gift from Trog
 14358 | IceCv    | Reached skill level 14 in Fighting
 14391 | IceCv    | Identified a +0 quarterstaff
 14392 | IceCv    | Identified a +0 buckler of cold resistance
 14653 | D:13     | Identified a +0 quarterstaff
 15031 | D:13     | Identified a +0 whip
 15159 | D:14     | Identified a +0 robe
 15221 | D:14     | Acquired the +1 pair of gloves "Zuiluem" {Dex+3 Slay+3}
 15722 | D:14     | Identified a +0 shortbow
 15875 | D:14     | Reached skill level 2 in Dodging
 16076 | D:14     | Identified a +2 battleaxe
 16076 | D:14     | Identified a +0 leather armour
 16294 | D:14     | Identified a +0 long sword
 16536 | D:15     | Entered Level 15 of the Dungeon
 16536 | D:15     | Identified a +0 orcbow
 16577 | D:15     | Identified a +0 giant club
 16577 | D:15     | Identified a +0 giant spiked club
 16579 | D:15     | Identified a +0 dire flail
 16579 | D:15     | Identified a +0 giant club
 16583 | D:15     | Identified a +0 whip
 16583 | D:15     | Identified a +0 robe
 16583 | D:15     | Identified a +0 giant club
 16584 | D:15     | Identified a +0 giant club
 16584 | D:15     | Identified a +0 giant club
 16586 | D:15     | Identified a +0 giant club
 16586 | D:15     | Identified a +0 giant club
 16586 | D:15     | Identified a +0 giant club
 16597 | D:15     | Reached skill level 21 in Axes
 16716 | D:15     | Identified a +1 long sword of holy wrath
 16716 | D:15     | Identified a +0 ring mail
 16716 | D:15     | Identified a +0 kite shield
 16726 | D:15     | Reached skill level 13 in Armour
 16908 | D:15     | Noticed Roxanne
 16918 | D:15     | Identified a +0 shortbow
 16918 | D:15     | Identified a +0 orcbow
 16919 | D:15     | Killed Roxanne
 16919 | D:15     | Identified a +0 orcbow
 16977 | D:15     | Identified a +0 orcbow
 16978 | D:15     | Identified a +2 dagger of venom
 16978 | D:15     | Identified a +0 robe
 16983 | D:15     | Reached skill level 3 in Dodging
 16983 | D:15     | Reached XP level 15. HP: 139/139 MP: 15/15
 16984 | D:15     | Identified a +0 dagger
 16984 | D:15     | Identified a +0 robe
 16984 | Abyss:3  | Cast into level 3 of the Abyss (an occultist)
 17159 | Abyss:3  | Reached skill level 1 in Stealth
 17160 | Abyss:3  | Noticed a tentacled starspawn
 17165 | Abyss:3  | Killed a tentacled starspawn
 17166 | Abyss:3  | Reached skill level 2 in Stealth
 17219 | Abyss:3  | Reached skill level 3 in Stealth
 17223 | Abyss:3  | Identified 3 potions of degeneration
 17224 | Abyss:3  | Identified 3 potions of might
 17375 | Abyss:3  | Noticed a bone dragon
 17392 | Abyss:3  | Killed a bone dragon
 17393 | Abyss:3  | Reached skill level 4 in Stealth
 17400 | Abyss:3  | Identified a +0 whip
 17400 | Abyss:3  | Identified a +0 robe
 17404 | Abyss:3  | Identified a +4 hand axe of flaming (Trog gifted it to you
                  | on level 3 of the Abyss)
 17404 | Abyss:3  | Received a gift from Trog
 17421 | Abyss:3  | HP: 30/139 [rakshasa/+0 whip (11)]
 17422 | Abyss:3  | HP: 2/139 [rakshasa/lance of force (25)]
 17422 | Abyss:3  | Collided with a rock wall

Table legend: (Time is in decaauts)
 A = Elapsed time spent in this place.
 B = Non-inter-level travel time spent in this place.
 C = Inter-level travel time spent in this place.
 D = Time resting spent in this place.
 E = Time spent auto-exploring this place.
 F = Levels seen in this place.
 G = Mean time per level.
                   A        B        C        D        E       F      G
               +--------+--------+--------+--------+--------+-----+--------+
         Total |  17764 |  17219 |    545 |   4607 |   9036 |  19 |  934.9 |
       Dungeon |  15653 |  15108 |    545 |   3655 |   8739 |  15 | 1043.5 |
         Abyss |    457 |    457 |      0 |    238 |     44 |   1 |  457.0 |
         Sewer |    368 |    368 |      0 |    123 |     31 |   1 |  368.0 |
        Bailey |    630 |    630 |      0 |    407 |      0 |   1 |  630.0 |
      Ice Cave |    654 |    654 |      0 |    183 |    222 |   1 |  654.0 |
               +--------+--------+--------+--------+--------+-----+--------+

Top non-repeatable levels by time:
     D:4: 1993 daAuts
    D:14: 1408 daAuts
    D:10: 1342 daAuts
     D:3: 1256 daAuts
     D:6: 1130 daAuts
     D:7: 1114 daAuts
    D:12: 1040 daAuts
     D:5: 1015 daAuts
    D:13: 986 daAuts
     D:9: 954 daAuts
    D:11: 887 daAuts
     D:1: 834 daAuts
     D:2: 681 daAuts
   IceCv: 654 daAuts
  Bailey: 630 daAuts

Table legend:
 A = Kills in this place as a percentage of kills in the entire game.
 B = Kills by you in this place as a percentage of kills by you in the entire game.
 C = Kills by friends in this place as a percentage of kills by friends in the entire game.
 D = Other kills in this place as a percentage of other kills in the entire game.
 E = Experience gained in this place as a percentage of experience gained in the entire game.
 F = Experience gained in this place divided by the number of levels of this place that you have seen.
                   A       B       C       D       E      F
               +-------+-------+-------+-------+-------+----------------------
         Total | 100.0 | 100.0 | 100.0 | 100.0 | 100.0 | 5086.2
       Dungeon |  77.0 |  77.3 |  74.1 |   0.0 |  77.1 | 4968.0
         Abyss |   4.6 |   4.6 |   0.0 | 100.0 |  10.1 | 9738.0
         Sewer |   5.5 |   5.8 |   0.0 |   0.0 |   0.4 | 350.0
        Bailey |   3.7 |   2.5 |  25.9 |   0.0 |   2.5 | 2403.0
      Ice Cave |   9.3 |   9.8 |   0.0 |   0.0 |  10.0 | 9627.0
               +-------+-------+-------+-------+-------+----------------------

Skill      XL: |  1  2  3  4  5  6  7  8  9 10 11 12 13 14 15 |
---------------+----------------------------------------------+-----
Fighting       | 4 5 6 7 8 9 11 12 13 14 | 14.5
Axes           | 5 6 7 8 10 12 14 16 18 19 21 | 21.3
Armour         | 3 4 5 7 8 9 11 12 13 | 13.1
Shields        | 1 2 3 4 6 7 |  7.4
Evocations     | 2 5 7 8 |  8.8
Dodging        | 3 |  3.1
Stealth        | 4 |  4.6

Action                     |  1- 3 |  4- 6 |  7- 9 | 10-12 | 13-15 || total
---------------------------+-------+-------+-------+-------+-------++-------
  Melee: Hand axe          |    44 |   195 |   426 |       |       ||   665
         Broad axe         |       |       |    45 |    70 |       ||   115
         War axe           |       |       |     9 |       |     6 ||    15
         Battleaxe         |       |       |       |   291 |   441 ||   732
  Throw: Dart              |       |       |       |       |     5 ||     5
 Invoke: Berserk           |       |     3 |     5 |     1 |       ||     9
         Trog's Hand       |       |       |     2 |     1 |     1 ||     4
         Brothers in Arms  |       |       |       |     4 |     3 ||     7
  Evoke: Wand              |       |       |       |       |     1 ||     1
    Use: Scroll            |       |       |    11 |     3 |     2 ||    16
         Potion            |       |       |       |       |     6 ||     6
 Armour: Leather armour    |    14 |       |       |       |       ||    14
         Scale mail        |    15 |    93 |    19 |       |       ||   127
         Plate armour      |       |    28 |   272 |       |       ||   300
         Chain mail        |       |       |    71 |   294 |   380 ||   745
  Dodge: Dodged            |    14 |    52 |   131 |   144 |   218 ||   559
         Repelled          |       |       |       |     5 |     4 ||     9
  Block: Buckler           |       |    24 |    85 |    19 |       ||   128

Vanquished Creatures
  A bone dragon (Abyss:3)
  A tentacled starspawn (Abyss:3)
  Roxanne (D:15)
  A frost giant (D:10)
  The ghost of ezpacito the Cleaver, a journeyman DsBe of Trog (D:12)
  A great orb of eyes (Abyss:3)
  A hydra (D:15)
  An ice dragon (D:10)
  A boulder beetle (D:12)
  8 centaur warriors
  An ogre mage (D:15)
  8 two-headed ogres
  2 tengu warriors
  Urug (D:13)
  Sonja (D:13)
  2 skeletal warriors (D:12)
  9 starcursed masses (Abyss:3)
  A large abomination (Abyss:3)
  6 ugly things
  A necromancer (IceCv)
  A wolf spider zombie (D:12)
  3 deep elf pyromancers
  A will-o-the-wisp (Abyss:3)
  5 cyclopes
  A centaur zombie (D:12)
  An apocalypse crab (Abyss:3)
  2 ice statues
  An orange demon (Abyss:3)
  5 kobold demonologists
  A rime drake (D:9)
  A spectral redback (D:12)
  2 tengu conjurers
  6 freezing wraiths (IceCv)
  12 ice devils (IceCv)
  5 trolls
  A hornet (D:7)
  3 polar bears
  3 raiju (Abyss:3)
  2 spectral meliai (D:12)
  A wolf spider simulacrum (D:11)
  3 centaur simulacra
  11 slime creatures
  3 shadows
  2 wraiths
  3 wyverns
  2 vampires
  A warg (D:9)
  A neqoxec (Abyss:3)
  16 humans (D:13)
  2 death yak simulacra (IceCv)
  15 yaks
  2 steam dragons
  4 vampire mosquitoes (D:14)
  A redback simulacrum (D:12)
  3 harpy simulacra
  A chaos spawn (Abyss:3)
  4 acid dragons
  Edmund (D:4)
  A water moccasin (D:5)
  2 hydra simulacra (IceCv)
  4 orc warriors
  31 ice beasts
  2 laughing skulls (D:14)
  2 black bears (D:7)
  4 wolves
  6 ogres
  3 centaurs
  16 kobold brigands
  2 bullfrogs
  3 necrophages (Sewer)
  4 scorpions
  2 cane toad simulacra (IceCv)
  7 wights
  3 killer bees (D:7)
  2 elephant simulacra (IceCv)
  6 howler monkeys
  9 electric eels (D:10)
  2 bombardier beetles (D:4)
  A gnoll bouda (D:5)
  3 orc priests
  6 hounds
  3 jellies
  An iron imp (Abyss:3)
  3 sleepcaps
  Jessica (D:2)
  3 iguanas
  Natasha (thrice) (D:4)
  A boggart zombie (D:12)
  18 orc wizards
  3 spriggan simulacra (IceCv)
  11 polar bear simulacra (IceCv)
  2 troll simulacra (IceCv)
  3 wolf simulacra (IceCv)
  Robin (D:4)
  5 gnolls (D:5)
  9 adders
  A river rat (D:5)
  4 shadow imps
  3 white imps
  4 ufetubi
  A dart slug (D:3)
  2 ribbon worms (D:5)
  45 orcs
  2 endoplasms (D:3)
  3 giant cockroaches
  12 goblins
  3 hobgoblins (D:4)
  6 jackals
  5 ball pythons
  3 bats
  2 frilled lizards (D:3)
  A giant cockroach zombie (Sewer)
  43 kobolds
  3 kobold zombies (Sewer)
  7 rats
519 creatures vanquished.

Vanquished Creatures (collateral kills)
  A fire dragon (D:12)
  A boulder beetle (D:7)
  A two-headed ogre (D:13)
  3 skeletal warriors (D:12)
  2 orc knights (Bailey)
  2 deep elf pyromancers
  A cyclops (D:13)
  A kobold demonologist (D:12)
  2 yaks (D:12)
  An acid dragon (D:12)
  3 orc warriors (Bailey)
  2 kobold brigands (Bailey)
  An orc wizard (D:12)
  2 orcs (D:12)
  4 goblins (D:7)
27 creatures vanquished.

Vanquished Creatures (others)
  An ufetubus (Abyss:3)
  6 foxfires (Abyss:3)
7 creatures vanquished.

Grand Total: 553 creatures vanquished
